 Dungeon Crawl Stone Soup version 0.30-a0-711-gf4ac18a38d (webtiles) character file.

Game seed: 9602653373165060963

1626 croobank the Shield-Bearer (level 8, -3/63 HPs)
             Began as a Demigod Transmuter on Jan 23, 2023.
             Slain by a water moccasin (5 damage)
             ... on level 6 of the Dungeon.
             The game lasted 00:19:13 (5883 turns).

croobank the Shield-Bearer (Demigod Transmuter)     Turns: 5883, Time: 00:19:14

Health: -3/63      AC:  4    Str: 11    XL:     8   Next: 38%
Magic:  14/16      EV: 14    Int: 29    God:
Gold:   376        SH:  8    Dex: 20    Spells: 7/14 levels left

rFire   . . .      SeeInvis .    h - +0 scimitar
rCold   . . .      Faith    .    l - +2 buckler
rNeg    . . .      Spirit   .    a - +0 robe
rPois   .          Reflect  .    (helmet currently unavailable)
rElec   .          Harm     .    z - +1 cloak
rCorr   .          Rampage  .    (no gloves)
Will    .....                    (boots currently unavailable)
Stlth   ++                       (no amulet)
HPRegen 0.30/turn                r - +6 ring of intelligence
MPRegen 0.15/turn                s - +6 ring of dexterity

@: lethally poisoned (-3 -> -28), appendages, wereblooded
A: horns 2, talons 2, high MP 1, forlorn, divine attributes
a: End Transformation


You were on level 6 of the Dungeon.
You had temporarily grown beastly horns and talons.
You visited 2 branches of the dungeon, and saw 7 of its levels.

You collected 376 gold pieces.

Inventory:

Hand Weapons
 e - a +3 dagger
 g - a +0 short sword
 h - a +0 scimitar (weapon)
 k - a +0 quarterstaff
 x - a +2 spear of flaming
Missiles
 b - 2 javelins
 d - 7 poisoned darts
 o - 2 throwing nets
Armour
 a - a +0 robe (worn)
 l - a +2 buckler (worn)
 n - a +0 helmet (melded)
 v - a +0 pair of boots (melded)
 z - a +1 cloak (worn)
Magical Staves
 c - a staff of cold
 q - a staff of fire
Jewellery
 r - a +6 ring of intelligence (left hand)
 s - a +6 ring of dexterity (right hand)
Scrolls
 j - 2 scrolls of blinking
 w - 2 scrolls of teleportation
 y - a scroll of poison {unknown}
Potions
 f - a potion of resistance
 i - 2 potions of haste
 m - a potion of magic
 p - 2 potions of invisibility
 t - 2 potions of flight {unknown}
 u - a potion of heal wounds {unknown}
 A - a potion of ambrosia {unknown}


   Skills:
 + Level 3.5 Fighting
 + Level 4.0 Dodging
 * Level 4.7 Shields
 - Level 3.0 Unarmed Combat
 + Level 3.6 Spellcasting
 + Level 2.8 Summonings
 + Level 3.9 Transmutations
 + Level 3.0 Fire Magic


You had 7 spell levels left.
You knew the following spells:

 Your Spells              Type           Power      Damage    Failure   Level
a - Beastly Appendage     Tmut           56%        N/A       1%          1
b - Wereblood             Tmut           28%        N/A       2%          2
c - Foxfire               Conj/Fire      56%        2x1d6     4%          1
d - Summon Guardian Gole  Hex/Summ       13%        N/A       16%         3

Your spell library contained the following spells:

 Spells                   Type           Power      Damage    Failure   Level
 Summon Small Mammal      Summ           84%        N/A       2%          1
 Call Canine Familiar     Summ           21%        N/A       9%          3
 Spider Form              Tmut/Pois      16%        N/A       12%         3
 Ice Form                 Ice/Tmut       16%        N/A       38%         4
 Fireball                 Conj/Fire      7%         3d5       80%         5
 Starburst                Conj/Fire      7%         6d4       100%        6


Dungeon Overview and Level Annotations

Branches:
Dungeon (6/15)             Temple (1/1) D:4

Shops:
D:2 :   D:3 =[[

Annotations:
D:2 Sigmund


Innate Abilities, Weirdness & Mutations

You have temporarily grown beastly horns and talons.
You have an increased reservoir of magic. (+10% MP)
You shall have no god before yourself.
Your divine heritage dramatically boosts your attributes as you level up.


Message History

Confirm with . or Enter, or press ? or * to list all spells.
Your blood is infused with primal strength.
You block the water moccasin's attack.
You hit the ogre. Your headbutt misses the ogre.
The ogre is lightly wounded.
The water moccasin barely misses you. The water moccasin bites you.
The ogre closely misses you. You block the water moccasin's attack.
You hit the ogre. You claw the ogre, but do no damage. You headbutt the ogre!
The ogre is heavily wounded.
The water moccasin completely misses you.
The ogre hits you with a +0 giant club!!
The water moccasin bites you.
You are poisoned.
The water moccasin poisons you!
You slash the ogre! You claw the ogre.
You feel a bit better.
You kill the ogre!
You feel very sick. You block the water moccasin's attack.
The water moccasin bites you.
You are more poisoned.
The water moccasin poisons you!
You closely miss the water moccasin. Your kick misses the water moccasin.
You feel very sick. The water moccasin bites you.
You are lethally poisoned!
The water moccasin poisons you! You block the water moccasin's attack.
You barely miss the water moccasin. You claw the water moccasin.
Your headbutt misses the water moccasin.
The water moccasin is lightly wounded.
* * * LOW HITPOINT WARNING * * *
You feel extremely sick. The water moccasin bites you.
* * * LOW HITPOINT WARNING * * *
You are more poisoned.
The water moccasin poisons you! The water moccasin barely misses you.
You closely miss the water moccasin. You claw the water moccasin.
The water moccasin is moderately wounded.
* * * LOW HITPOINT WARNING * * *
You feel extremely sick. The water moccasin bites you.
You die...

........#
........#######
................
.................
..................
...................
........[..).......
...........@S..)...
...................
...................
...................
...................
........###+#..####
........###.##..#
............# #...
........#########..


You could see a water moccasin.

Vanquished Creatures
  Menkaure (D:4)
  2 water moccasins (D:5)
  An ice beast (D:5)
  A sky beast (D:6)
  A black bear (D:4)
  An ogre (D:6)
  A phantom (D:4)
  A necrophage (D:3)
  A bullfrog (D:6)
  3 scorpions
  2 gnoll boudas (D:5)
  3 hounds
  4 iguanas
  Natasha (twice) (D:2)
  2 orc wizards
  4 adders
  9 gnolls (D:5)
  A worm (D:3)
  3 dart slugs
  10 orcs
  7 ball pythons
  8 bats
  10 endoplasms
  3 giant cockroaches
  2 goblins (D:1)
  6 hobgoblins
  2 jackals (D:1)
  8 kobolds
  7 quokkas
  4 frilled lizards
  6 rats
116 creatures vanquished.

Vanquished Creatures (others)
  2 foxfires (D:4)
  2 fungi (D:2)
4 creatures vanquished.

Grand Total: 120 creatures vanquished

Notes
Turn   | Place    | Note
-------+----------+-------------------------------------------
     0 | D:1      | croobank the Demigod Transmuter began the quest for the
                  | Orb.
     0 | D:1      | Reached XP level 1. HP: 15/15 MP: 5/5
    24 | D:1      | Reached skill level 1 in Fighting
   340 | D:1      | Reached XP level 2. HP: 9/23 MP: 5/7
   401 | D:1      | Learned a level 2 spell: Wereblood
  1337 | D:1      | Reached XP level 3. HP: 28/28 MP: 4/8
  1552 | D:2      | Noticed Sigmund
  1721 | D:2      | Found Zabypremp's Book Shoppe.
  1818 | D:3      | Found Orpho's Antique Armour Boutique.
  1906 | D:3      | Found Jaroimaq's Jewellery Boutique.
  2009 | D:2      | Noticed Natasha
  2013 | D:2      | Killed Natasha
  2014 | D:2      | Reached skill level 1 in Shields
  2014 | D:2      | Reached XP level 4. HP: 30/35 MP: 6/10
  2240 | D:3      | Found Guschyuf's Antique Armour Shoppe.
  2479 | D:3      | Noticed a necrophage
  2489 | D:3      | Killed a necrophage
  2498 | D:3      | Reached XP level 5. HP: 33/41 MP: 9/11
  2701 | D:2      | Noticed Natasha
  2714 | D:2      | Killed Natasha
  2992 | D:4      | Reached skill level 1 in Fire Magic
  3092 | D:4      | Reached skill level 1 in Summonings
  3094 | D:4      | Found a staircase to the Ecumenical Temple.
  3104 | D:4      | Reached XP level 6. HP: 22/48 MP: 9/12
  3109 | Temple   | Entered the Ecumenical Temple
  3483 | D:4      | Learned a level 1 spell: Foxfire
  4016 | D:4      | Noticed Menkaure
  4023 | D:4      | Killed Menkaure
  4213 | D:5      | Entered Level 5 of the Dungeon
  4282 | D:5      | Reached XP level 7. HP: 56/56 MP: 10/14
  5272 | D:5      | Reached XP level 8. HP: 34/63 MP: 14/16
  5855 | D:6      | Learned a level 3 spell: Summon Guardian Golem
  5883 | D:6      | HP: 2/63 [poisoned by a water moccasin]
  5883 | D:6      | Slain by a water moccasin

Illustrated notes

Levels and vault maps discovered:
D:1:      dpeg_arrival_boxorama, layout_loops_ring, serial_aquarium,
          aquarium_bridge_island_small [aquarium_subvault_small_open,
          aquarium_subvault_balcony, aquarium_subvault_window,
          aquarium_subvault_bridge, aquarium_subvault_wall],
          aquarium_window_fake, aquarium_window_fake, aquarium_window_fake,
          aquarium_view_2e, aquarium_pool_1, hellmonk_ecumenical_altar_lost_god,
          eino_curves_01
D:2:      layout_basic, serial_shops, nicolae_diamond_shop,
          dreamdust_mushroom_princess, uniq_sigmund, uniq_natasha
D:3:      layout_loops_ring, serial_shops, shop, shop_coins,
          nicolae_shop_behind_doors, minmay_quantized
D:4:      layout_basic, minmay_temple_entry_crystal_x,
          chequers_serial_rivers_micro_d, minmay_misc_feat_roman, uniq_menkaure
D:5:      layout_loops_corners
D:6:      layout_basic, lemuel_coloured_pillars_altar
Temple:   nicolae_temple_no_exploring_needed

Skill      XL: |  1  2  3  4  5  6  7  8 |
---------------+-------------------------+-----
Fighting       | 1 2 3 |  3.5
Dodging        | 2 3 4 |  4.0
Transmutations | 2 3 |  3.9
Spellcasting   | 2 3 |  3.6
Unarmed Combat | 3 |  3.0
Shields        | 1 2 3 4 |  4.7
Fire Magic     | 1 2 3 |  3.0
Summonings     | 1 2 |  2.8

Action                     |  1- 3 |  4- 6 |  7- 9 || total
---------------------------+-------+-------+-------++-------
  Melee: Unarmed           |    29 |       |       ||    29
         Kick              |    14 |    29 |    32 ||    75
         Headbutt          |     6 |    16 |    16 ||    38
         Scimitar          |    56 |   126 |   108 ||   290
   Cast: Beastly Appendage |    24 |    27 |    14 ||    65
         Wereblood         |    16 |    24 |    13 ||    53
         Foxfire           |       |     1 |       ||     1
    Use: Potion            |     1 |       |       ||     1
         Scroll            |     4 |     5 |     2 ||    11
   Stab: Sleeping          |     2 |     2 |     1 ||     5
 Armour: Robe              |    13 |    13 |    21 ||    47
         Skin              |     1 |       |       ||     1
  Dodge: Dodged            |    46 |    77 |    60 ||   183
  Block: Buckler           |    11 |    54 |    42 ||   107

Table legend: (Time is in decaauts)
 A = Elapsed time spent in this place.
 B = Non-inter-level travel time spent in this place.
 C = Inter-level travel time spent in this place.
 D = Time resting spent in this place.
 E = Time spent auto-exploring this place.
 F = Levels seen in this place.
 G = Mean time per level.
                   A        B        C        D        E       F      G
               +--------+--------+--------+--------+--------+-----+--------+
         Total |   6008 |   5763 |    245 |   1253 |   3004 |   7 |  858.3 |
       Dungeon |   5994 |   5756 |    238 |   1253 |   3004 |   6 |  999.0 |
        Temple |     13 |      6 |      7 |      0 |      0 |   1 |   13.0 |
               +--------+--------+--------+--------+--------+-----+--------+

Top non-repeatable levels by time:
     D:1: 1632 daAuts
     D:5: 1566 daAuts
     D:4: 1254 daAuts
     D:3: 1098 daAuts
     D:2: 291 daAuts
     D:6: 151 daAuts
  Temple: 13 daAuts
